Map: Neon Violet Square LE

Players

Dingbat - Winner!

  • Race: Zerg Zerg
  • League: Gold
  • Spawn Location: 5:00

JagrsMullets

  • Race: Protoss Protoss
  • Spawn Location: 11:00

VOD

Have the link to the VOD?

Description

Time

  • Played on: Dec. 21, 2017, 5:03 a.m.
  • Length: 6:14
Show
View Real Time Build Order
Export as new Build Order

Dingbat Zerg - Winner!

Build Orders: Hatch First 

Get SALT Encoding   

  12  0:02  Drone  
  13  0:10  Drone  
  14  0:19  Extractor  
  14  0:20  Extractor  
  12  0:22  Drone  
  12  0:23  Drone  
  16  0:46  Hatchery  
  15  0:54  Overlord  
  15  1:11  Spawning Pool  
  14  1:13  Drone  
  14  1:14  Drone  
  16  1:18  Drone  
  17  1:28  Extractor  
  17  1:32  Drone  
  17  1:40  Drone  
  18  1:51  Drone  
  19  1:58  Drone  
  19  2:00  Drone, Queen  
  23  2:02  Queen  
  23  2:07  Extractor  
  24  2:18  Zergling x4  
  26  2:26  Zergling x4  
  28  2:41  Zergling x2  
  25  2:57  Zergling x2  
  25  2:58  Zergling x4  
  27  3:11  Drone  
  28  3:13  Overlord  
  28  3:23  Metabolic Boost  
  28  3:32  Drone x3  
  31  3:54  Drone x4  
  31  3:55  Drone  
  36  3:56  Overlord  
  36  3:59  Overlord  
  36  4:12  Roach Warren  
  35  4:19  Drone x4  
  39  4:35  Zergling x14  
  46  4:48  Drone  
  46  4:49  Drone x2  
  49  4:54  Overlord  
  49  4:55  Drone x2  
  49  4:56  Drone  
  47  5:22  Roach x3  
  47  5:23  Roach x3  
  58  5:36  Zergling x2  
  58  5:38  Overlord x2  
Show
View Real Time Build Order
Export as new Build Order

JagrsMullets Protoss 

Build Orders:  

Get SALT Encoding   

  12  0:06  Probe (Chrono Boost)  
  13  0:16  Probe (Chrono Boost)  
  14  0:25  Pylon  
  14  0:37  Probe  
  15  0:47  Gateway  
  15  0:49  Probe  
  16  0:51  Assimilator  
  16  1:01  Probe (Chrono Boost)  
  17  1:08  Forge  
  17  1:13  Probe (Chrono Boost)  
  18  1:22  Probe (Chrono Boost)  
  19  1:28  Pylon  
  19  1:32  Pylon  
  19  1:35  Zealot  
  21  1:48  Probe  
  22  2:00  Probe  
  23  2:02  Zealot  
  25  2:10  Photon Cannon  
  25  2:14  Photon Cannon  
  25  2:26  Photon Cannon  
  27  2:30  Zealot  
  27  2:37  Photon Cannon  
  27  2:52  Assimilator  
  27  2:57  Zealot  
  29  3:10  Pylon  
  29  3:24  Nexus  
  29  3:35  Cybernetics Core  
  29  3:47  Pylon  
  29  4:02  Assimilator  
  29  4:05  Zealot  
  31  4:15  Assimilator  
  31  4:35  Stalker  
  31  4:37  Stargate  
  33  4:46  Pylon  
  33  4:57  Probe (Chrono Boost)  
  34  5:02  Probe (Chrono Boost)  
  34  5:05  Stalker  
  38  5:07  Probe (Chrono Boost)  
  38  5:19  Pylon  
  26  5:41  Probe  
Tags
 
Add a new tag
Caveats
  • Supply blocks, unpowered buildings, or Contaminate may cause inaccurate times.
  • Supply counts are checked every 10 seconds.